 Dungeon Crawl Stone Soup version 0.31.0-12-g77e489cdc1 (webtiles) character file.

Game seed: 5976183131438170338

770 PaiMei the Digger (level 7, 0/40 HPs)
             Began as a Gargoyle Earth Elementalist on Feb 20, 2024.
             Killed from afar by an orc wizard (3 damage)
             ... with a magic dart
             ... on level 4 of the Dungeon.
             The game lasted 00:11:05 (5515 turns).

PaiMei the Digger (Gargoyle Earth Elementalist)     Turns: 5515, Time: 00:11:06

Health: 0/40       AC:  8    Str: 12    XL:     7   Next: 83%
Magic:  11/13      EV: 12    Int: 17    God:
Gold:   254        SH:  0    Dex: 10    Spells: 13/14 levels left

rFire   . . .        u - +0 falchion
rCold   . . .        (no shield)
rNeg    + . .        a - +0 robe
rPois   ∞            (no helmet)
rElec   +            l - +0 cloak
rCorr   .            e - +0 pair of gloves
SInv    .            (no boots)
Will    .....        i - amulet of reflection
Stlth   +            (no ring)
HPRegen 0.26/turn    (no ring)
MPRegen 0.13/turn

%: reflection
@: confused
A: sickness immunity, AC +4, negative energy resistance 1, electricity
resistance, torment resistance 1, petrification resistance
a: no special abilities


You were on level 4 of the Dungeon.
You visited 1 branch of the dungeon, and saw 4 of its levels.
You also visited: Sewer.

You collected 254 gold pieces.

Inventory:

Hand Weapons
 f - a +0 club
 u - a +0 falchion (weapon)
Armour
 a - a +0 robe (worn)
 e - a +0 pair of gloves (worn)
 l - a +0 cloak (worn)
Jewellery
 i - an amulet of reflection (around neck)
 n - the Hermit's Pendant {Faith Invo=14 Evo=0 MP+5}
   (You found it on level 3 of the Dungeon)

   [amulet of faith]

   Invo=14: It sets your Invocations skill to 14.
   Evo=0: It sets your Evocations skill to 0.
   Faith:     It allows you to gain divine favour quickly.
   MP+5:      It affects your magic capacity (+5).
Wands
 t - a wand of digging (2)
Scrolls
 c - 7 scrolls of identify {unknown}
 g - a scroll of teleportation {unknown}
 m - a scroll of revelation {unknown}
 r - a scroll of poison {unknown}
 s - a scroll of blinking
Potions
 b - a potion of magic
 d - a potion of enlightenment {unknown}
 h - 5 potions of heal wounds {unknown}
 j - a potion of haste {unknown}
 k - a potion of brilliance {unknown}
 o - a potion of invisibility {unknown}
 p - a potion of resistance {unknown}
 q - a potion of curing {unknown}


   Skills:
 + Level 2.9 Fighting
 + Level 3.5 Dodging
 - Level 3.8 Stealth
 + Level 4.1 Spellcasting
 - Level 3.0 Conjurations
 + Level 5.9 Earth Magic


You had 13 spell levels left.
You knew the following spells:

 Your Spells              Type           Power      Damage    Failure   Level
a - Sandblast             Erth           46%        2d11      1%          1

Your spell library contained the following spells:

 Spells                   Type           Power      Damage    Failure   Level
 Passwall                 Erth           23%        N/A       4%          3
 Stone Arrow              Conj/Erth      36%        3d9       8%          3
 Kiss of Death            Conj/Necr      32%        2d7       9%          1
 Sting                    Conj/Alch      32%        1d5       9%          1
 Mercury Vapours          Alch/Air       6%         N/A       24%         2
 Brom's Barrelling Bould  Conj/Erth      18%        2d4       24%         4
 Petrify                  Alch/Erth      13%        N/A       41%         4
 Confusing Touch          Hex            3%         N/A       43%         3
 Dispel Undead            Necr           3%         3d7       83%         4
 Olgreb's Toxic Radiance  Alch           3%         N/A       83%         4


Dungeon Overview and Level Annotations

Branches:
Dungeon (4/15)              Sewer (visited)
 Temple: D:4-7

Altars:
Cheibriados
Elyvilon


Innate Abilities, Weirdness & Mutations

You are immune to sickness and miasma.
Your stone body is resilient. (AC +4)
You are immune to poison.
You resist negative energy. (rN+)
You are resistant to electric shocks. (rElec)
You are resistant to unholy torment.
You are immune to petrification.


Message History

The orc wizard hits you with a +0 dagger.
* * * LOW HITPOINT WARNING * * *
The orc hits you but does no damage.
Casting: Sandblast (safe; 1% risk of failure)
Confirm with . or Enter, or press ? or * to list all spells.
Aiming: Sandblast (safe; 1% risk of failure)
Press: ? - help, Shift-Dir - straight line, f - orc wizard
Aim: an orc wizard, wielding a +0 dagger and wearing a +0 robe (79% to hit)
The blast of sand hits the orc wizard!
The orc wizard is heavily wounded.
You block the orc's attack. The orc wizard closely misses you.
Casting: Sandblast (safe; 1% risk of failure)
Confirm with . or Enter, or press ? or * to list all spells.
Aiming: Sandblast (safe; 1% risk of failure)
Press: ? - help, Shift-Dir - straight line, f/p - orc wizard
Aim: an orc wizard, wielding a +0 dagger and wearing a +0 robe (heavily wounded, 79% to hit)
The blast of sand hits the orc wizard.
The orc wizard is almost dead.
The orc hits you with a +0 dagger.
* * * LOW HITPOINT WARNING * * *
The orc wizard points at you and mumbles some strange words.
You are confused.
The orc hits you with a +0 dagger.
* * * LOW HITPOINT WARNING * * *
You're too confused to cast spells.
You're too confused to cast spells.
You're too confused to cast spells.
You're too confused to cast spells.
You miss the orc wizard.
The orc wizard is almost dead.
The orc wizard hits you but does no damage.
The orc hits you but does no damage.
The orc wizard hits you but does no damage.
The orc wizard casts a spell.
The orc wizard flickers and vanishes!
Deactivating autopickup; reactivate with Ctrl-A.
You're too confused to cast spells.
A magic dart appears from out of thin air!
The magic dart hits you.
You die...

..############# .
..#...........# ..
.'...........# ...
#.......)...# ....
#......##'###..... #######
#......#.@o...# .......
#......'......# .......
######'##.{....# .......
#......).......+ #.......
#..............# #.......
#(.......####### #.......
#....†...# #.......
#........#.....#...#.......
#........#.....#...#.......


You could see an orc.

Vanquished Creatures
  Grinder (D:3)
  Sigmund (D:2)
  2 bullfrogs (Sewer)
  A hound (D:3)
  An orc priest (D:4)
  A sleepcap (D:4)
  8 adders
  11 dart slugs
  7 orcs
  17 ball pythons
  6 endoplasms
  11 giant cockroaches
  8 goblins
  6 hobgoblins
  4 kobolds (D:1)
  5 quokkas
  9 bats
  15 frilled lizards
  3 rats (D:1)
117 creatures vanquished.

Vanquished Creatures (others)
  A giant cockroach (Sewer)
1 creature vanquished.

Grand Total: 118 creatures vanquished

Notes
Turn   | Place    | Note
-------+----------+-------------------------------------------
     0 | D:1      | PaiMei the Gargoyle Earth Elementalist began the quest for
                  | the Orb.
     0 | D:1      | Reached XP level 1. HP: 10/10 MP: 3/3
   174 | D:1      | Reached XP level 2. HP: 10/15 MP: 5/5
   411 | D:1      | Reached XP level 3. HP: 19/19 MP: 6/6
   459 | D:1      | Reached skill level 4 in Earth Magic
  1283 | D:2      | Found a faded altar of an unknown god.
  1296 | D:2      | Noticed Sigmund
  2212 | D:2      | Killed Sigmund
  2213 | D:2      | Reached XP level 4. HP: 18/24 MP: 2/8
  2213 | D:2      | Reached XP level 5. HP: 21/28 MP: 2/9
  2476 | D:3      | Found the Hermit's Pendant {Faith Invo=14 Evo=0 MP+5}
  2551 | D:3      | Reached XP level 6. HP: 32/32 MP: 8/10
  2608 | D:3      | Found a snail-covered altar of Cheibriados.
  2608 | D:3      | Found a white marble altar of Elyvilon.
  3189 | D:3      | Identified the +1 chain mail "Ecuojao" {Regen+}
  3290 | D:3      | Noticed Grinder
  3297 | D:3      | Killed Grinder
  3298 | D:3      | Reached skill level 1 in Fighting
  3298 | D:3      | Reached skill level 5 in Earth Magic
  3298 | D:3      | Reached XP level 7. HP: 30/39 MP: 5/12
  3726 | D:4      | Found a glowing drain.
  3945 | Sewer    | Entered a sewer
  5512 | D:4      | HP: 2/40 [orc/+0 dagger (2)]
  5515 | D:4      | Killed from afar by an orc wizard

Illustrated notes

Levels and vault maps discovered:
D:1:      heliophobic_arrival_dark_side_of_the_moon, layout_basic,
          minmay_misc_feat_pillars
D:2:      layout_loops_ring, shapermc_ecumenical_altar_totnotflames,
          uniq_sigmund
D:3:      minmay_diamond_boxcup, layout_basic, jmf_multi_god_temple,
          uniq_grinder
D:4:      layout_gridville, portal_sewer_entry_f

Skill      XL: |  1  2  3  4  5  6  7 |
---------------+----------------------+-----
Earth Magic    | 4 5 |  5.9
Dodging        | 2 3 |  3.5
Conjurations   | 2 3 |  3.0
Stealth        | 3 |  3.8
Spellcasting   | 3 4 |  4.1
Fighting       | 1 2 |  2.9

Action                     |  1- 3 |  4- 6 |  7- 9 || total
---------------------------+-------+-------+-------++-------
  Melee: Unarmed           |    24 |       |       ||    24
         Club              |   120 |    97 |   237 ||   454
         Punch             |     2 |     1 |     3 ||     6
         Falchion          |       |       |    42 ||    42
   Cast: Sandblast         |     9 |     8 |    37 ||    54
   Stab: Sleeping          |     2 |     3 |     3 ||     8
 Armour: Robe              |    89 |    53 |   274 ||   416
  Dodge: Dodged            |   153 |    61 |   302 ||   516
  Block: Other             |    15 |    29 |   102 ||   146
         Reflection        |       |       |     5 ||     5
